 Dungeon Crawl Stone Soup version 0.20.1-1-g8b1a95d (webtiles) character file.

28576 bobthegiant the Severer (level 13, -3/119 HPs)
             Began as a Hill Orc Fighter on Dec 5, 2017.
             Was an Elder of Qazlal.
             Slain by an entropy weaver (14 damage)
             ... on level 4 of the Lair of Beasts on Dec 6, 2017.
             The game lasted 01:09:11 (15008 turns).

bobthegiant the Severer (Hill Orc Fighter)         Turns: 15008, Time: 01:09:11

Health: -3/119     AC:  0    Str: 22    XL:     13   Next: 39%
Magic:  22/22      EV:  8    Int: 10    God:    Qazlal [****..]
Gold:   642        SH:  8    Dex: 10    Spells: 12/12 levels left

rFire    . . .     SeeInvis .   N - +0 battleaxe (venom)
rCold    + + .     Gourm    .   (shield currently unavailable)
rNeg     + . .     Faith    .   O - +0 plate armour
rPois    +         Spirit   .   z - +0 helmet
rElec    .         Reflect  +   (no cloak)
rCorr    .         Harm     .   b - +0 pair of gloves of Listlessness {-Cast rN+ MR++}
MR       ++...     NoCast   +   M - +0 pair of boots
Stlth    ..........             n - +3 amulet of reflection
Regen    0.3/turn               I - ring of a Million Moons {+Fly rC++}
MPRegen  0.2/turn               Z - ring of poison resistance

@: about to teleport, corroded, repel missiles
A: no striking features
a: Upheaval, Elemental Force, Renounce Religion, Evoke Flight


You were on level 4 of the Lair of Beasts.
You worshipped Qazlal.
Qazlal was greatly pleased with you.
You were not hungry.

You visited 3 branches of the dungeon, and saw 14 of its levels.

You collected 642 gold pieces.

Inventory:

Hand Weapons
 a - a +2 war axe of flaming
 N - a +0 battleaxe of venom (weapon)
Missiles
 q - 240 stones (quivered)
Armour
 b - the +0 pair of gloves of Listlessness (worn) {-Cast rN+ MR++}
   (You found it on level 3 of the Lair of Beasts)

   It protects you from negative energy.
   It affects your resistance to hostile enchantments.
   It prevents spellcasting.
 z - a +0 helmet (worn)
 M - a +0 pair of boots (worn)
 O - a +0 plate armour (worn)
Jewellery
 n - a +3 amulet of reflection (around neck)
 I - the ring of a Million Moons (left hand) {+Fly rC++}
   (You found it on level 6 of the Dungeon)

   [ring of flight]

   It greatly protects you from cold.
   It lets you fly.
 Z - a ring of poison resistance (right hand)
Wands
 j - a wand of random effects (31/48)
 H - a wand of paralysis (6/24)
 P - a wand of clouds (9/9)
 V - a wand of confusion (39/48)
Scrolls
 c - a scroll of amnesia {unknown}
 h - 4 scrolls of enchant weapon
 m - 3 scrolls of teleportation
 r - a scroll of fog
 y - 5 scrolls of remove curse
 E - 2 scrolls of immolation
 L - 3 scrolls of identify
 Q - a scroll of enchant armour
 W - a scroll of summoning
Potions
 d - 4 potions of might
 e - 3 potions of haste
 g - 3 potions of heal wounds
 t - 3 potions of curing
 F - a potion of berserk rage
Miscellaneous
 D - a phantom mirror
Comestibles
 f - 7 bread rations
 s - 16 fruits
 w - 4 royal jellies
 x - 4 meat rations


   Skills:
 + Level 12.5 Fighting
 + Level 15.9 Axes
 + Level 11.9 Armour
 - Level 3.4 Dodging
   Level 3.2 Shields
 + Level 12.9 Invocations
 + Level 0.2 Evocations


You had 12 spell levels left.
You didn't know any spells.

Dungeon Overview and Level Annotations

Branches:
Dungeon (9/15)             Temple (1/1) D:4            Lair (4/6) D:8
  Swamp: Lair:2-4    Shoals: Lair:2-4     Snake: Lair:2-4    Spider: Lair:2-4
    Orc: D:9-12

Altars:
Cheibriados
Dithmenos
Elyvilon
Fedhas
Gozag
Kikubaaqudgha
Makhleb
Nemelex Xobeh
Okawaru
Qazlal
Ru
Sif Muna
Trog
Uskayaw
Vehumet
Xom
Yredelemnul
Zin
The Shining One
Jiyva

Annotations:
D:6 exclusion: downstairs
D:8 exclusion: ice statue
Lair:2 1 exclusion
Lair:3 exclusion: downstairs
Lair:4 exclusion: 2 oklob plants


Message History

You closely miss the entropy weaver.
The entropy weaver is heavily wounded.
Your plate armour prevents you from hitting the soldier ant.
The entropy weaver hits you! x2; You block the entropy weaver's attack.
The entropy weaver hits you!
* * * LOW HITPOINT WARNING * * *
The soldier ant stings you.
* * * LOW HITPOINT WARNING * * *
As you read the scroll of teleportation, it crumbles to dust.
You feel strangely unstable.
You hear an angry hiss.
The entropy weaver mumbles some strange words.
The entropic weave corrodes you! The entropy weaver hits you.
* * * LOW HITPOINT WARNING * * *
The entropy weaver hits you!
* * * LOW HITPOINT WARNING * * *
The entropy weaver hits you.
* * * LOW HITPOINT WARNING * * *
The entropy weaver hits you!
You die...

#......†...# ..#
#......†...#....
#.......†..#..#.
######..........
#......#...# a..
##..†..###.. ..#
##§§.§.### #.
.#..
.#.##P.§§....##
... ...
#......@§.....#
.#.###.#
#......aa.....#
....#..a
#....§...##...#
..a....a
#.###....# ....
........ #.
P..... ...
........
........ ..
........
.........
###.....
...........
##.... #....


You could see an entropy weaver and a soldier ant.

Vanquished Creatures
  Gastronok (Lair:1)
  Harold (Lair:2)
  2 hydras (Lair:1)
  A catoblepas (Lair:3)
  2 two-headed ogres
  5 death yaks (Lair:4)
  Pikel (D:5)
  A manticore (D:9)
  3 black mambas
  A spiny frog (Lair:3)
  4 elephants
  6 komodo dragons
  3 rime drakes
  Prince Ribbit (D:5)
  13 blink frogs
  6 hippogriffs
  15 yaks
  The ghost of broninjaking the Skirmisher, an amateur DsAK of Lugonu (D:6)
  A hungry ghost (D:7)
  10 soldier ants (Lair:4)
  6 swamp worms
  Duvessa (D:4)
  7 water moccasins
  10 porcupines
  5 orc warriors
  2 sky beasts (D:8)
  A black bear (D:6)
  2 centaurs
  4 ogres
  9 crocodiles
  Blork the orc (D:6)
  2 big kobolds
  4 bullfrogs
  Dowan (D:4)
  3 scorpions
  2 howler monkeys (D:9)
  An electric eel (Lair:2)
  4 crimson imps
  A centaur zombie (D:7)
  2 jellies
  7 hounds
  6 orc priests
  A bullfrog skeleton (D:6)
  2 iguanas
  Ijyb (D:3)
  19 worker ants
  11 orc wizards
  A hound zombie (D:6)
  A hound skeleton (D:4)
  A worker ant zombie (D:6)
  9 adders
  8 gnolls
  A shadow imp (D:6)
  2 worms
  3 dart slugs
  3 leopard geckos
  47 orcs
  2 ball pythons (D:6)
  3 bats
  5 giant cockroaches
  7 goblins
  9 hobgoblins
  12 jackals
  4 quokkas
  3 frilled lizards
  12 kobolds
  A quokka skeleton (D:6)
  A quokka zombie (D:8)
  6 rats
  3 fungi (Lair:3)
  2 plants
339 creatures vanquished.

Vanquished Creatures (others)
  An ogre (D:5)
  An iguana (D:6)
  A worm (D:5)
  7 orcs
  2 jackals (D:5)
  11 fungi
  12 plants
35 creatures vanquished.

Grand Total: 374 creatures vanquished

Notes
Turn   | Place    | Note
-------+----------+-------------------------------------------
     0 | D:1      | bobthegiant the Hill Orc Fighter began the quest for the Orb.
     0 | D:1      | Reached XP level 1. HP: 19/19 MP: 1/1
    22 | D:1      | Reached skill level 3 in Axes
   247 | D:1      | Reached XP level 2. HP: 23/26 MP: 2/2
   412 | D:1      | Reached skill level 4 in Axes
   426 | D:1      | Reached XP level 3. HP: 31/31 MP: 3/3
   621 | D:1      | Reached skill level 5 in Axes
   979 | D:2      | Found a shadowy altar of Dithmenos.
  1022 | D:2      | Found a burning altar of Makhleb.
  1022 | D:2      | Noticed a blizzard demon
  1107 | D:2      | Reached XP level 4. HP: 35/39 MP: 4/4
  1223 | D:2      | Reached skill level 6 in Axes
  1487 | D:2      | You fall through a shaft!
  1491 | D:3      | Reached XP level 5. HP: 33/45 MP: 5/5
  1501 | D:3      | Reached skill level 7 in Axes
  1995 | D:3      | Noticed Ijyb
  2024 | D:3      | Killed Ijyb
  2356 | D:4      | Reached XP level 6. HP: 49/52 MP: 6/6
  2645 | D:4      | Reached skill level 8 in Axes
  2735 | D:4      | Found a staircase to the Ecumenical Temple.
  2744 | Temple   | Entered the Ecumenical Temple
  2800 | Temple   | Became a worshipper of Qazlal Stormbringer
  3211 | D:4      | Reached skill level 1 in Invocations
  3632 | D:4      | Reached XP level 7. HP: 55/60 MP: 6/8
  3651 | D:4      | Noticed Duvessa
  3652 | D:4      | Noticed Dowan
  3684 | D:4      | Killed Duvessa
  3706 | D:4      | Killed Dowan
  3706 | D:4      | Reached skill level 9 in Axes
  3929 | D:5      | Entered Level 5 of the Dungeon
  3929 | D:5      | Noticed Pikel
  3960 | D:5      | Killed Pikel
  3960 | D:5      | Reached skill level 5 in Fighting
  3960 | D:5      | Reached skill level 5 in Armour
  3960 | D:5      | Reached XP level 8. HP: 53/69 MP: 8/10
  4050 | D:5      | Reached skill level 10 in Axes
  4064 | D:5      | Noticed a dagger
  4065 | D:5      | Found a hide-covered altar of Uskayaw.
  4066 | D:5      | Noticed a hand axe
  4113 | D:5      | Found an ancient bone altar of Kikubaaqudgha.
  4251 | D:5      | Found an iron altar of Okawaru.
  4259 | D:5      | Noticed Prince Ribbit
  4281 | D:5      | Killed Prince Ribbit
  4804 | D:6      | Found a glowing golden altar of the Shining One.
  4822 | D:6      | Reached skill level 5 in Invocations
  4838 | D:6      | Reached XP level 9. HP: 77/78 MP: 12/12
  4844 | D:6      | Reached skill level 11 in Axes
  4848 | D:6      | Reached * piety under Qazlal
  4866 | D:6      | Found a deep blue altar of Sif Muna.
  4908 | D:6      | Noticed broninjaking's ghost (amateur DsAK)
  4935 | D:6      | Killed broninjaking's ghost
  5182 | D:6      | Noticed Blork the orc
  5192 | D:6      | Killed Blork the orc
  5352 | D:6      | Got a pitted copper ring
  5931 | D:7      | Reached ** piety under Qazlal
  5956 | D:6      | Reached skill level 12 in Axes
  5970 | D:6      | Identified the ring of a Million Moons {+Fly rC++} (You found it on level 6 of the Dungeon)
  6795 | D:7      | Reached XP level 10. HP: 86/86 MP: 10/15
  7018 | D:7      | Found a shimmering altar of Xom.
  7327 | D:8      | Noticed a two-headed ogre
  7344 | D:8      | Killed a two-headed ogre
  7344 | D:8      | Reached skill level 13 in Axes
  7903 | D:8      | Found a blossoming altar of Fedhas.
  8249 | D:8      | Noticed an ice statue
  8280 | D:8      | Found a staircase to the Lair.
  8444 | D:9      | Noticed a manticore
  8460 | D:9      | Killed a manticore
  8499 | D:9      | Noticed a two-headed ogre
  8703 | D:9      | Killed a two-headed ogre
  8703 | D:9      | Reached XP level 11. HP: 21/97 MP: 17/17
  9051 | Lair:1   | Entered Level 1 of the Lair of Beasts
  9174 | Lair:1   | Reached skill level 14 in Axes
  9587 | Lair:1   | Noticed Gastronok
  9608 | Lair:1   | Killed Gastronok
  9608 | Lair:1   | Reached skill level 10 in Fighting
  9608 | Lair:1   | Reached skill level 10 in Invocations
  9700 | Lair:1   | Noticed a six-headed hydra
  9708 | Lair:1   | Killed a two-headed hydra
  9728 | Lair:1   | Noticed a five-headed hydra
  9733 | Lair:1   | Killed a four-headed hydra
  9781 | Lair:1   | Reached skill level 10 in Armour
 10817 | Lair:2   | Reached skill level 1 in Dodging
 10821 | Lair:2   | Reached XP level 12. HP: 76/108 MP: 20/20
 10979 | Lair:2   | Noticed Harold
 10999 | Lair:2   | Killed Harold
 12478 | Lair:3   | Got a pair of scorched gloves
 12505 | Lair:3   | Identified the cursed +0 pair of gloves of Listlessness {-Cast rN+ MR++} (You found it on level 3 of the Lair of Beasts)
 12724 | Lair:3   | Reached skill level 15 in Axes
 13339 | Lair:3   | Noticed a catoblepas
 13352 | Lair:3   | Killed a catoblepas
 13615 | Lair:3   | Reached *** piety under Qazlal
 13788 | Lair:3   | Reached XP level 13. HP: 81/117 MP: 22/22
 14216 | Lair:4   | Noticed an entropy weaver
 14993 | Lair:4   | Noticed an entropy weaver
 14995 | Lair:4   | Reached **** piety under Qazlal
 15008 | Lair:4   | Slain by an entropy weaver

Skill      XL: |  1  2  3  4  5  6  7  8  9 10 11 12 13 |
---------------+----------------------------------------+-----
Axes           | 3 4 5 6 7 8 9 10 12 13 14 15 | 15.9
Fighting       | 4 5 6 7 9 10 11 12 | 12.5
Armour         | 4 5 7 8 10 11 | 11.9
Invocations    | 1 3 5 7 9 10 12 | 12.9
Dodging        | 1 3 |  3.4
Shields        | |  3.2
Evocations     | |  0.2

Action                   |  1- 3 |  4- 6 |  7- 9 | 10-12 | 13-15 || total
-------------------------+-------+-------+-------+-------+-------++-------
Melee: War axe           |   105 |    43 |       |       |       ||   148
       Hand axe          |       |   150 |   428 |   429 |       ||  1007
       Battleaxe         |       |       |       |   218 |   143 ||   361
Invok: Upheaval          |       |       |     4 |    13 |       ||    17
  Use: Scroll            |       |    10 |     4 |     1 |     9 ||    24
       Potion            |       |       |       |     1 |       ||     1
  Eat: Chunk             |     1 |     8 |    10 |    23 |     4 ||    46
       Fruit             |       |       |       |     1 |       ||     1
Armor: Scale mail        |    73 |    90 |    17 |       |       ||   180
       Chain mail        |       |       |   153 |       |       ||   153
       Plate armour      |       |       |    35 |   300 |    51 ||   386
Dodge: Dodged            |    62 |    69 |   108 |   145 |    31 ||   415
Block: Other             |       |    11 |    73 |   118 |    31 ||   233
       Reflection        |       |       |     4 |     1 |       ||     5
